 Dungeon Crawl Stone Soup version 0.24.0-1-gfbc8707122 (webtiles) character file.

Game seed: 2264434764317758509, levelgen mode: deterministic

97510 Ge0ff the Brawler (level 16, -2/128 HPs)
             Began as a Ghoul Arcane Marksman on Oct 26, 2019.
             Was a High Priest of Hepliaklqana.
             Slain by a minotaur
             ... wielding the +5 morningstar "Usyompa" {crush, +Rage rPois Str+3}
              (7 damage)
             ... in a Gauntlet.
             The game lasted 01:49:03 (27611 turns).

Ge0ff the Brawler (Ghoul Arcane Marksman)          Turns: 27611, Time: 01:49:04

Health: -2/128     AC: 26    Str: 21    XL:     16   Next: 19%
Magic:  18/22      EV:  9    Int:  8    God:    Hepliaklqana [*****.]
Gold:   1712       SH:  4    Dex:  9    Spells: 16/17 levels left

rFire    + . .     SeeInvis +     - Unarmed
rCold    + . .     Gourm    .   F - +0 buckler {AC+3}
rNeg     + + +     Faith    .   V - +4 plate armour {rPois}
rPois    ∞         Spirit   .   N - +2 hat {SInv}
rElec    .         Reflect  .   (no cloak)
rCorr    .         Harm     .   (no gloves)
MR       ++...     NoTele   +   Y - +1 pair of boots {Fly}
Stlth    ..........             (no amulet)
HPRegen  0.00/turn              a - ring of Midnight {rF+ MR+ Slay+3}
MPRegen  0.18/turn              (no ring)

@: rotting
A: rotting body, reduced essence, claws 1, carnivore, cold resistance 1,
negative energy resistance 3, inhibited regeneration, torment resistance,
unbreathing
a: Recall Ancestor, Ancestor Identity, Transference, Idealise, Renounce
Religion, Evoke Flight


You were in a Gauntlet.
You worshipped Hepliaklqana.
Hepliaklqana was extremely pleased with you.
You were not hungry.

You visited 4 branches of the dungeon, and saw 22 of its levels.
You also visited: Gauntlet, Ice Cave and Volcano.

You collected 2233 gold pieces.
You spent 521 gold pieces at shops.

Inventory:

Hand Weapons
 S - a +1 short sword of distortion
Missiles
 c - 5 javelins
 h - 7 curare-tipped darts
 H - 46 arrows
 J - 24 silver boomerangs
 M - 31 boomerangs (quivered)
 Z - a throwing net {=f}
Armour
 z - a +0 helmet of see invisible
 B - a +0 cloak
 F - a +0 buckler of protection (worn)
 G - a +0 troll leather armour
 N - a +2 hat of see invisible (worn)
 V - a +4 plate armour of poison resistance (worn)
 Y - a +1 pair of boots of flying (worn)
Jewellery
 a - the ring of Midnight (left claw) {rF+ MR+ Slay+3}
   (You found it on level 6 of the Lair of Beasts)

   [ring of protection from magic]

   It affects your accuracy and damage with ranged weapons and melee attacks
   (+3).
   It protects you from fire.
   It affects your resistance to hostile enchantments.
 y - the cursed ring of Deavis {rC+ Slay-2, unknown}
   (You found it in a Gauntlet)

   [ring of slaying]

   It affects your accuracy and damage with ranged weapons and melee attacks
   (-2).
   It protects you from cold.
   It has a curse placed upon it.
 C - a cursed ring of attention {unknown}
 I - an uncursed ring of wizardry {unknown}
Wands
 d - a wand of digging (9)
 e - a wand of enslavement (7)
 f - a wand of flame (53)
 j - a wand of acid (1)
 k - a wand of iceblast (62)
 p - a wand of paralysis (27)
 t - a wand of scattershot (1)
 x - a wand of random effects (12)
 P - a wand of polymorph (5)
Scrolls
 A - a scroll of immolation {unknown}
 D - a scroll of amnesia {unknown}
 E - a scroll of fog {unknown}
 K - 2 scrolls of remove curse {unknown}
 T - 3 scrolls of teleportation
Potions
 q - 2 potions of curing
 L - 2 potions of degeneration {unknown}
 Q - a potion of lignification {unknown}
 R - 3 potions of resistance
 W - a potion of heal wounds {!q}
 X - a potion of haste {unknown}
Miscellaneous
 O - a box of beasts
Comestibles
 r - 30 rations


   Skills:
 + Level 13.0 Fighting
 + Level 3.6 Throwing
 + Level 10.5 Armour
 + Level 7.7 Dodging
 + Level 3.5 Shields
 + Level 17.5 Unarmed Combat
 - Level 1.0 Spellcasting
 - Level 2.4 Hexes
 + Level 9.8 Invocations
 + Level 8.8 Evocations


You had 16 spell levels left.
You knew the following spells:

 Your Spells              Type           Power        Failure   Level  Hunger
k - Corona                Hex            #......      93%         1    ##.....

Your spell library contained the following spells:

 Spells                   Type           Power        Failure   Level  Hunger
 Slow                     Hex            #.......     98%         2    ###....
 Shock                    Conj/Air       #...         99%         1    ##.....
 Summon Butterflies       Summ           #.......     99%         1    ##.....
 Summon Small Mammal      Summ           #...         99%         1    ##.....
 Passwall                 Tmut/Erth      #.......     100%        2    ###....
 Sticks to Snakes         Tmut           #.......     100%        2    ###....
 Swiftness                Chrm/Air       #.......     100%        2    ###....
 Inner Flame              Hex/Fire       #.......     100%        3    ####...
 Portal Projectile        Hex/Tloc       #.....       100%        3    ####...
 Static Discharge         Conj/Air       #.......     100%        3    ####...
 Airstrike                Air            #.........   100%        4    #####..
 Animate Dead             Necr           N/A          100%        4    #####..
 Cause Fear               Hex            #.........   100%        4    #####..
 Leda's Liquefaction      Hex/Erth       #.........   100%        4    #####..
 Summon Ice Beast         Ice/Summ       #.......     100%        4    #####..
 Agony                    Necr           #.......     100%        5    ######.
 Alistair's Intoxication  Tmut/Pois      #.......     100%        5    ######.
 Bolt of Magma            Conj/Fire/Erth #.........   100%        5    ######.
 Borgnjor's Vile Clutch   Necr/Erth      #.........   100%        5    ######.
 Iskenderun's Battlesphe  Conj/Chrm      #.......     100%        5    ######.
 Lightning Bolt           Conj/Air       #.........   100%        5    ######.
 Venom Bolt               Conj/Pois      #.........   100%        5    ######.
 Death Channel            Necr           #.........   100%        6    #######
 Deflect Missiles         Chrm/Air       #.........   100%        6    #######
 Iron Shot                Conj/Erth      #.........   100%        6    #######
 Simulacrum               Ice/Necr       #.........   100%        6    #######
 Orb of Destruction       Conj           #.........   100%        7    #######
 Spellforged Servitor     Conj/Summ      #.........   100%        7    #######


Dungeon Overview and Level Annotations

Branches:
Dungeon (13/15)            Temple (1/1) D:6            Lair (6/6) D:10
 Shoals (0/4) Lair:3        Snake (0/4) Lair:3        Slime (0/5) Lair:6
    Orc (2/2) D:10            Elf (0/3) Orc:2         IceCv (visited)
Volcano (visited)         Gauntlet (1/1)
 Vaults: D:13-14

Altars:
Ashenzari
Cheibriados
Dithmenos
Elyvilon
Fedhas
Hepliaklqana
Makhleb
Ru
Uskayaw
Vehumet
Wu Jian
Yredelemnul
The Shining One
Beogh
Jiyva

Shops:
D:11 }   D:12 [   Orc:1 [   Orc:2 :[!?

Portals:
Pandemonium: Orc:2

Annotations:
D:1 dig
D:2 1 runed translucent door, Crazy Yiuf
D:3 1 runed translucent door, MirrMurr's ghost, amateur SpEn
Lair:1 stash Gauntlet 6 transporters, exclusion: obsidian statue


Innate Abilities, Weirdness & Mutations

Your body is rotting away.
You thrive on raw meat.
You are immune to poison.
You have sharp fingernails.
You are carnivorous and can eat meat at any time.
Your flesh is cold resistant. (rC+)
You are immune to negative energy. (rN+++)
You do not regenerate when monsters are visible.
You are immune to unholy pain and torment.
You can survive without breathing.
Your life essence is reduced to manifest your ancestor. (-10% HP)


Message History

The minotaur throws a silver javelin.
The silver javelin barely misses MegaBlaster 5000.
The silver javelin pierces through you!
MegaBlaster 5000 barely misses the minotaur.
MegaBlaster 5000 hits the minotaur with a +0 quarterstaff!!
MegaBlaster 5000 shimmers and vanishes!
The minotaur hits you with the +5 morningstar "Usyompa" {crush, +Rage rPois Str+3}.
The minotaur barely misses you.
MegaBlaster 5000 hits the minotaur with a +0 quarterstaff!!
Fire/throw which item? (* to show all) (? for menu, Esc to quit)
Throwing (i - inventory. (/) - cycle)
M - 31 boomerangs (quivered)
Press: ? - help, Shift-Dir - straight line, f/p - minotaur
Aim: a minotaur, wielding the +5 morningstar "Usyompa" {crush, +Rage rPois Str+3} and wearing a +0 chain mail (severely wounded)
You throw a curare-tipped dart.
The curare-tipped dart hits the minotaur.
The minotaur is severely wounded.
The minotaur hits you with the +5 morningstar "Usyompa" {crush, +Rage rPois Str+3}!!
* * * LOW HITPOINT WARNING * * *
x2 The minotaur gores you!
You die...

.#....#..#.≈≈#.8.##. .
##h..###.#.≈##..... #.#
©#..#©#.©#.###.8.# ..
.#h###÷.}#..##...##.# .
.#b.#....#...#.8....##.#
.#.......#.∩.#(..# ..
.#########...#(©.##.#
.....#.....8.#(.RH..#
.#########...#.©@##....
.#...©##?#.∩.#...# ##.
.##.^##.=#...#.8....
.###.#.^[#..##...##.
©#.##.##©#.###.8.#
##.^.#.###.≈##.....
.#.8##^.##.≈≈#.8.##
.#.##....#.≈##...#
.#########.##


You could see the friendly MegaBlaster 5000 the battlemage and a minotaur.

Vanquished Creatures
  Fannar (D:12)
  4 hydras
  A death knight (D:12)
  A two-headed ogre (D:13)
  3 orc high priests (Orc:2)
  9 death yaks (Lair:4)
  A fire crab (Lair:6)
  2 skeletal warriors
  A gelid demonspawn (Orc:2)
  An infernal demonspawn (Orc:2)
  Pikel (D:7)
  3 ugly things
  4 orc knights
  A manticore (D:12)
  9 orc sorcerers
  2 cyclopes
  2 ice statues (IceCv)
  A gargoyle (Volcano)
  10 spiny frogs
  An orange demon (Orc:2)
  10 komodo dragons
  2 freezing wraiths (D:12)
  3 rime drakes (Lair:6)
  A hellwing (Orc:2)
  3 trolls
  9 blink frogs
  3 polar bears (Lair:6)
  A hornet (Lair:6)
  10 slime creatures (D:12)
  9 hippogriffs
  2 meliai zombies (D:13)
  A dream sheep (Lair:6)
  A flying skull (Volcano)
  4 shadows
  A water elemental (D:11)
  32 yaks
  A hog (Orc:2)
  8 wyverns
  A chaos spawn (Orc:2)
  2 basilisks
  A fire bat (Gauntlet)
  2 hungry ghosts
  5 wargs
  Menkaure (D:6)
  Duvessa (D:5)
  2 hell hounds (Gauntlet)
  8 water moccasins
  2 porcupines
  A sky beast (D:7)
  5 ice beasts
  18 orc warriors
  An eye of draining (D:10)
  A slave (D:7)
  3 phantoms
  7 ogres
  9 centaurs
  10 crocodiles
  2 big kobolds (D:8)
  A gnoll sergeant (D:5)
  8 bullfrogs
  Dowan (D:5)
  11 killer bees
  4 scorpions
  A troll skeleton (Volcano)
  A howler monkey (D:4)
  4 wights (D:13)
  2 electric eels (D:11)
  6 crimson imps
  A bullfrog zombie (D:5)
  A quasit (D:8)
  4 hounds
  A jelly (D:12)
  21 orc priests
  4 centaur skeletons
  13 orc wizards
  3 iguanas
  7 worker ants
  A naga skeleton (Volcano)
  A hound skeleton (D:7)
  Robin (D:1)
  7 gnolls
  8 adders
  A shadow imp (D:5)
  10 white imps (Lair:3)
  2 ufetubi (Gauntlet)
  An ooze (D:7)
  6 worms
  2 dart slugs
  7 leopard geckos
  44 orcs
  3 ball pythons
  3 giant cockroaches
  22 goblins
  9 hobgoblins
  6 jackals (D:1)
  5 quokkas
  A ball python zombie (D:5)
  13 bats
  4 frilled lizards
  A giant cockroach zombie (D:3)
  A jackal skeleton (D:3)
  A jackal zombie (D:8)
  15 kobolds
  A leopard gecko skeleton (D:3)
  A quokka skeleton (D:3)
  9 rats
  A bush (Lair:5)
  A fungus (Lair:5)
523 creatures vanquished.

Vanquished Creatures (collateral kills)
  Jorgrun (Orc:1)
  4 hydras
  A merfolk avatar (Lair:6)
  A two-headed ogre (D:12)
  An orc high priest (Orc:2)
  8 death yaks
  A sixfirhy (Gauntlet)
  A skeletal warrior (Volcano)
  An unseen horror (D:11)
  A sea snake (Lair:6)
  3 orc knights (Orc:2)
  3 orc sorcerers (Orc:2)
  3 ugly things
  A manticore (Lair:6)
  Joseph (Lair:1)
  3 black mambas (Lair:6)
  A centaur zombie (D:12)
  3 gargoyles
  2 orange demons (Orc:2)
  7 spiny frogs
  3 komodo dragons
  3 rime drakes
  2 trolls
  A queen bee (Lair:2)
  2 polar bears (Lair:6)
  A wind drake (Lair:6)
  7 blink frogs
  3 hippogriffs
  2 slime creatures (D:12)
  3 dream sheep (Lair:6)
  2 flying skulls (Volcano)
  3 shadows
  A ynoxinul (Orc:2)
  An alligator skeleton (Volcano)
  2 fire bats (Gauntlet)
  2 wyverns
  Eustachio (D:5)
  18 yaks
  4 basilisks
  2 wargs (D:10)
  2 acid dragons (D:11)
  3 porcupines
  6 water moccasins
  2 necrophages
  5 ice beasts
  2 black bears
  A slave (D:7)
  An eye of draining (D:8)
  22 orc warriors
  A sky beast (D:8)
  4 ogres
  2 centaurs
  10 crocodiles
  2 big kobolds
  7 bullfrogs
  4 scorpions
  17 killer bees
  2 jellies
  A wight (D:13)
  3 howler monkeys
  3 crimson imps
  A bullfrog zombie (D:11)
  A quasit (D:8)
  11 orc priests
  12 orc wizards
  A bullfrog skeleton (D:5)
  2 iguanas
  2 worker ants
  A naga skeleton (Volcano)
  3 gnolls
  An adder (D:11)
  3 shadow imps
  2 white imps (Lair:3)
  2 ufetubi (Gauntlet)
  An ooze (D:7)
  25 orcs
  2 kobolds (D:10)
  2 fungi (Lair:1)
282 creatures vanquished.

Vanquished Creatures (others)
  A hell hog (Gauntlet)
  A harpy skeleton (Volcano)
  19 battlemagi
  An ancestor (D:6)
  A bush (Lair:4)
  5 fungi
  13 plants
41 creatures vanquished.

Grand Total: 846 creatures vanquished

Notes
Turn   | Place    | Note
-------+----------+-------------------------------------------
     0 | D:1      | Ge0ff the Ghoul Arcane Marksman began the quest for the
                  | Orb.
     0 | D:1      | Reached XP level 1. HP: 16/16 MP: 1/1
    38 | D:1      | Reached skill level 1 in Unarmed Combat
   127 | D:1      | Reached XP level 2. HP: 20/23 MP: 2/2
   318 | D:1      | Reached skill level 2 in Unarmed Combat
  1028 | D:1      | Reached XP level 3. HP: 28/28 MP: 3/3
  1498 | D:1      | Reached skill level 3 in Unarmed Combat
  1671 | D:2      | Noticed Robin
  1695 | D:1      | Killed Robin
  1853 | D:1      | Reached skill level 1 in Armour
  1935 | D:2      | Found a white marble altar of Elyvilon.
  1948 | D:2      | Reached XP level 4. HP: 35/35 MP: 4/4
  2399 | D:2      | Found a basalt altar of Yredelemnul.
  2402 | D:2      | Found a blossoming altar of Fedhas.
  2424 | D:2      | Found a runed translucent door.
  2425 | D:2      | Noticed Crazy Yiuf
  2558 | D:2      | Reached skill level 4 in Unarmed Combat
  2781 | D:2      | Reached XP level 5. HP: 33/40 MP: 5/5
  3091 | D:3      | Noticed MirrMurr's ghost (amateur SpEn)
  3266 | D:3      | Found a runed translucent gate.
  3278 | D:3      | Found a runed translucent gate.
  3278 | D:3      | Found a runed translucent gate.
  3278 | D:3      | Found a glowing golden altar of the Shining One.
  4670 | D:4      | Reached XP level 6. HP: 25/48 MP: 6/6
  4919 | D:4      | Found a sacrificial altar of Ru.
  5000 | D:4      | Reached skill level 5 in Unarmed Combat
  5063 | D:4      | Reached skill level 1 in Evocations
  5387 | D:4      | Found a burning altar of Makhleb.
  5387 | D:4      | Noticed a blizzard demon
  5392 | D:4      | Noticed a neqoxec
  5392 | D:4      | Noticed a ynoxinul
  5466 | D:5      | Entered Level 5 of the Dungeon
  5571 | D:5      | Reached XP level 7. HP: 53/57 MP: 7/7
  5654 | D:5      | Reached skill level 6 in Unarmed Combat
  6178 | D:5      | Found a hazy altar of Hepliaklqana.
  6286 | D:5      | Became a worshipper of Hepliaklqana the Forgotten
  6370 | D:5      | Noticed Duvessa
  6386 | D:5      | Reached XP level 8. HP: 53/59 MP: 8/8
  6414 | D:5      | Noticed Dowan
  6426 | D:5      | Killed Duvessa
  6445 | D:5      | Killed Dowan
  6445 | D:5      | Reached skill level 7 in Unarmed Combat
  7305 | D:6      | Found a staircase to the Ecumenical Temple.
  7312 | Temple   | Entered the Ecumenical Temple
  7329 | D:6      | Noticed a troll
  7331 | D:6      | Killed a troll
  7331 | D:6      | Reached skill level 5 in Fighting
  7331 | D:6      | Reached skill level 8 in Unarmed Combat
  7416 | D:6      | Reached skill level 9 in Unarmed Combat
  7416 | D:6      | Reached XP level 9. HP: 65/67 MP: 9/9
  7428 | D:6      | Noticed Eustachio
  7584 | D:5      | Killed Eustachio
  7692 | D:6      | Noticed Menkaure
  7702 | D:6      | Killed Menkaure
  7866 | D:6      | Reached skill level 1 in Invocations
  8105 | D:7      | Reached skill level 10 in Unarmed Combat
  8462 | D:7      | Noticed Pikel
  8472 | D:7      | Killed Pikel
  8472 | D:7      | Reached XP level 10. HP: 65/77 MP: 11/11
  8548 | D:7      | Found a hide-covered altar of Uskayaw.
  8870 | D:7      | Found a shattered altar of Ashenzari.
  9122 | D:7      | Reached * piety under Hepliaklqana
  9895 | D:8      | Identified the Incunabulum of Hairiness
 10122 | D:8      | Reached skill level 11 in Unarmed Combat
 10535 | D:9      | Reached ** piety under Hepliaklqana
 10536 | D:9      | Remembered your ancestor MegaBlaster 5000 as a battlemage
 10906 | D:9      | Reached skill level 5 in Armour
 11044 | D:9      | Found a shadowy altar of Dithmenos.
 11284 | D:10     | Entered Level 10 of the Dungeon
 11447 | D:10     | Found a staircase to the Orcish Mines.
 11733 | D:10     | Found a staircase to the Lair.
 11960 | Lair:1   | Entered Level 1 of the Lair of Beasts
 12347 | D:10     | Reached skill level 12 in Unarmed Combat
 12414 | D:11     | Noticed a white ugly thing
 12419 | D:11     | Killed an unseen horror
 12419 | D:11     | Reached XP level 11. HP: 77/85 MP: 11/13
 12423 | D:11     | Killed a white ugly thing
 12650 | D:11     | Noticed a purple ugly thing
 12663 | D:11     | Killed a purple ugly thing
 12911 | D:11     | Reached *** piety under Hepliaklqana
 12981 | D:11     | Found Uxanoige's Gadget Shoppe.
 12982 | D:11     | Noticed a brown ugly thing
 12996 | D:11     | Killed a brown ugly thing
 13348 | Lair:1   | Reached skill level 13 in Unarmed Combat
 13473 | Lair:1   | Noticed a six-headed hydra
 13482 | Lair:1   | Killed a six-headed hydra
 13623 | Lair:1   | Reached XP level 12. HP: 79/95 MP: 14/14
 13872 | Lair:1   | Noticed Joseph
 13882 | Lair:1   | Killed Joseph
 14420 | Lair:2   | Noticed a death yak
 14581 | Lair:2   | Noticed a death yak
 14581 | Lair:2   | Noticed a death yak
 14605 | Lair:2   | Killed a death yak
 14605 | Lair:2   | Reached skill level 10 in Fighting
 14625 | Lair:2   | Noticed a death yak
 14642 | Lair:1   | Killed a death yak
 14642 | Lair:1   | Reached skill level 5 in Invocations
 14708 | Lair:2   | Noticed a death yak
 14720 | Lair:1   | Killed a death yak
 14720 | Lair:1   | Reached skill level 14 in Unarmed Combat
 14754 | Lair:2   | Killed a death yak
 14826 | Lair:2   | Killed a death yak
 15359 | Lair:2   | Reached skill level 5 in Dodging
 15449 | Lair:2   | Reached **** piety under Hepliaklqana
 15486 | Lair:2   | Noticed a seven-headed hydra
 15500 | Lair:2   | Reached skill level 5 in Evocations
 15508 | Lair:2   | Killed a seven-headed hydra
 15965 | Lair:2   | Reached XP level 13. HP: 102/102 MP: 16/16
 16398 | Lair:3   | Found a frozen archway.
 16476 | IceCv    | Entered an ice cave
 16489 | IceCv    | Reached skill level 15 in Unarmed Combat
 16490 | IceCv    | Found a transporter.
 16542 | IceCv    | Found the +5 robe of Night {Dark MR+ SInv}
 16547 | IceCv    | Found a transporter.
 17086 | Lair:3   | Found a staircase to the Snake Pit.
 17340 | Lair:3   | Found a staircase to the Shoals.
 18475 | Lair:4   | Reached ***** piety under Hepliaklqana
 18695 | Lair:4   | Reached XP level 14. HP: 111/111 MP: 18/18
 18896 | Lair:4   | Reached skill level 16 in Unarmed Combat
 20619 | Lair:6   | Entered Level 6 of the Lair of Beasts
 20721 | Lair:6   | Found a shattered altar of Ashenzari.
 20966 | Lair:6   | Reached ****** piety under Hepliaklqana
 21046 | Lair:6   | Found a dark tunnel.
 21057 | Volcano  | Entered a volcano
 21555 | Lair:6   | Found a staircase to the Slime Pits.
 21555 | Lair:6   | Found a viscous altar of Jiyva.
 22132 | Lair:6   | Reached XP level 15. HP: 75/119 MP: 20/20
 22257 | Lair:6   | Got a shimmering lead ring
 22258 | Lair:6   | Identified the ring of Midnight {rF+ MR+ Slay+3} (You found
                  | it on level 6 of the Lair of Beasts)
 22259 | Lair:6   | Identified the Papyrus of Sinister Transmigration
 22261 | Lair:6   | Identified the Incunabulum of Creative Lightness
 22676 | Lair:6   | Got a scorched turquoise ring
 22936 | Orc:1    | Entered Level 1 of the Orcish Mines
 23055 | Orc:1    | Noticed Jorgrun
 23066 | Orc:1    | Killed Jorgrun
 23066 | Orc:1    | Reached skill level 17 in Unarmed Combat
 23306 | Orc:1    | Found Fokkosh's Armour Shop.
 23309 | Orc:1    | Bought a +1 pair of boots of flying for 181 gold pieces
 23309 | Orc:1    | Bought a cursed +0 buckler for 16 gold pieces
 23334 | Orc:2    | Entered Level 2 of the Orcish Mines
 23416 | Orc:2    | Noticed Sonja
 23418 | Orc:2    | Noticed Sonja
 23418 | Orc:2    | Sonja changed into Sonja the hog
 23422 | Orc:2    | Killed Sonja the hog
 23877 | Orc:2    | Found a roughly hewn altar of Beogh.
 24136 | Orc:2    | Reached skill level 1 in Shields
 24422 | Orc:2    | Reached skill level 10 in Armour
 24505 | Orc:2    | Found a staircase to the Elven Halls.
 25274 | Orc:2    | Found Duz Gagh's Distillery.
 25275 | Orc:2    | Found Dexosuti's Magic Scroll Shoppe.
 25385 | Orc:2    | Bought a scroll of teleportation for 45 gold pieces
 25388 | Orc:2    | Bought a potion of curing for 39 gold pieces
 25388 | Orc:2    | Bought a potion of heal wounds for 65 gold pieces
 25614 | Orc:2    | Found Suurphuir's Antique Armour Shop.
 25614 | Orc:2    | Found a one-way gate leading to the halls of Pandemonium.
 25614 | Orc:2    | Found Geas Yca's Book Boutique.
 25666 | Orc:2    | Bought a runed hat for 175 gold pieces
 25769 | D:12     | Noticed Fannar
 25790 | D:12     | Killed Fannar
 25912 | D:12     | Found Oluthrem's Specialty Armours.
 26636 | D:12     | Got a crude glaive
 26645 | D:12     | Noticed Maurice
 26646 | D:12     | Noticed Maurice
 26646 | D:12     | Maurice changed into Maurice the ice beast
 26651 | D:12     | Killed Maurice the ice beast
 26720 | D:12     | Reached XP level 16. HP: 126/126 MP: 22/22
 27234 | D:13     | Found a gate leading to a gauntlet.
 27253 | Gauntlet | Entered a Gauntlet
 27253 | Gauntlet | Found a transporter.
 27253 | Gauntlet | Found a transporter.
 27274 | Gauntlet | Found a transporter.
 27275 | Gauntlet | Found a transporter.
 27290 | Gauntlet | Found a transporter.
 27291 | Gauntlet | Found a transporter.
 27302 | Gauntlet | Found a transporter.
 27315 | Gauntlet | Found a transporter.
 27329 | Gauntlet | Found a transporter.
 27333 | Gauntlet | Found a transporter.
 27341 | Gauntlet | Found a transporter.
 27345 | Gauntlet | Found a transporter.
 27596 | Gauntlet | Got a clouded lead ring
 27601 | Gauntlet | Identified the +5 morningstar "Usyompa" {crush, +Rage rPois
                  | Str+3}
 27611 | Gauntlet | HP: 5/128 [minotaur/the +5 morningstar "Usyompa" {crush,
                  | +Rage rPois Str+3} (3)]
 27611 | Gauntlet | Slain by a minotaur

Levels and vault maps discovered:
D:1:      erik_arrival_cave_to_civilisation [erik_arrival_cave_to_temple],
          layout_basic, serial_forest, infiniplex_forest_clump_small,
          infiniplex_forest_clump_long, infiniplex_forest_clump_large,
          infiniplex_forest_corner_2, infiniplex_forest_lined_3_way, st_stairs_4
D:2:      layout_basic, lemuel_crystal_altar, overflow_temple_1_default,
          lemuel_doored_altar, uniq_crazy_yiuf_cottage, uniq_robin
D:3:      layout_loops_cross, tso_metal_star, serial_undead, serial_undead_a,
          serial_undead_e, serial_undead_b, serial_undead_a,
          gammafunk_ghost_split
D:4:      layout_basic, nicolae_ru_sacrificial_ziggurat, first_ration,
          makhleb_altar_promises_db
D:5:      layout_loops_cross, lemuel_round_altar, serial_bayou_lagoon_a,
          grunt_ministairs_2, uniq_duvessa
D:6:      layout_basic, minmay_temple_entry_trees, uniq_menkaure, uniq_eustachio
D:7:      layout_basic, marbit_many_paths, lemuel_crystal_altar,
          grunt_ogre_cave, uniq_pikel
D:8:      layout_layer_cave, minmay_unpleasant_kobolds
D:9:      layout_big_octagon, kennysheep_mini_moat, nicolae_wwwww,
          minmay_diced_spiral
D:10:     layout_loops_ring, lair_entry_dummy, minmay_orc_entry_guard_dogs,
          hangedman_decor_slide_cut
D:11:     layout_basic, serial_shops, shop, serial_bayou_crossing
D:12:     layout_long_grid, minmay_holes, nicolae_barding_shop, uniq_maurice,
          uniq_fannar
D:13:     layout_roguey, gauntlet_entry_generic
Temple:   cyrus_circular_temple
Lair:1:   layout_concentric_octagons, uniq_joseph
Lair:2:   regret_index_combs_of_tragedy, layout_chaotic_city
Lair:3:   layout_hall_layers, minmay_shoals_entry_centaurs, dummy_snake_entry,
          portal_ice_cave_entry_imps, minmay_stone_trees_medium,
          grunt_megastairs_1, serial_bayou_shore_a
Lair:4:   layout_roguey, mumra_transporter_accident
Lair:5:   layout_layer_cave
Lair:6:   gammafunk_lair_ancient_temple, layout_cave_shapes, slime_altar_1,
          enter_volcano_1, basic_altar
Orc:1:    layout_caves, serial_shops, nicolae_shop_behind_doors, uniq_jorgrun
Orc:2:    pf_orc_diabolical, layout_diamond_mine, basic_altar, uniq_sonja
Gauntlet: minmay_gauntlet_77_indecision
          [minmay_gauntlet_arena_77_terracotta_army,
          minmay_gauntlet_arena_77_chump_sandwich,
          minmay_gauntlet_arena_77_two_lines, minmay_gauntlet_arena_77_p_blocks,
          minmay_gauntlet_arena_77_fan, minmay_gauntlet_arena_77_double_cross,
          gauntlet_exit_green]

Skill      XL: |  1  2  3  4  5  6  7  8  9 10 11 12 13 14 15 16 |
---------------+-------------------------------------------------+-----
Unarmed Combat | 1 2 3 4 5 6 9 10 12 13 14 15 16 17 | 17.5
Armour         | 1 2 3 5 6 7 8 9 10 | 10.5
Dodging        | 2 3 4 5 6 7 |  7.7
Throwing       | 2 3 |  3.6
Fighting       | 2 3 5 7 8 9 10 11 12 13 | 13.0
Evocations     | 1 2 3 4 5 6 7 8 |  8.8
Invocations    | 1 2 4 5 7 8 9 |  9.8
Shields        | 3 |  3.5
Spellcasting   | |  1.0
Hexes          | |  2.4

Action                   |  1- 3 |  4- 6 |  7- 9 | 10-12 | 13-15 | 16-18 || total
-------------------------+-------+-------+-------+-------+-------+-------++-------
Melee: Unarmed           |   156 |   356 |   264 |   408 |   845 |    98 ||  2127
       Punch             |       |     2 |     7 |    20 |    40 |       ||    69
Throw: Javelin           |     5 |       |       |     1 |       |       ||     6
       Stone             |    10 |   154 |    17 |       |       |       ||   181
       Throwing net      |     2 |       |     1 |       |       |       ||     3
       Dart              |       |    12 |    33 |   136 |   181 |     1 ||   363
       Boomerang         |       |       |     2 |    15 |    22 |     1 ||    40
Invok: Ancestor Identity |       |       |     1 |       |       |       ||     1
       Recall Ancestor   |       |       |     3 |     3 |     3 |     1 ||    10
       Ancestor Life: Ba |       |       |       |     1 |       |       ||     1
       Idealise          |       |       |       |       |     7 |     1 ||     8
 Abil: Stop Flying       |       |       |       |       |     1 |       ||     1
Evoke: Wand              |       |       |     2 |    18 |    15 |       ||    35
       Phantom mirror    |       |       |       |       |       |     1 ||     1
 Stab: Held in net/web   |     1 |       |     2 |       |       |       ||     3
       Distracted        |       |       |     2 |     3 |    10 |     2 ||    17
       Paralysed         |       |       |       |     2 |     1 |       ||     3
       Betrayed ally     |       |       |       |     1 |     1 |       ||     2
  Eat: Chunk             |    12 |    25 |    39 |    64 |   148 |    13 ||   301
Armor: Robe              |    29 |       |       |       |       |       ||    29
       Ring mail         |    27 |   101 |       |       |       |       ||   128
       Scale mail        |       |     7 |    92 |    76 |       |       ||   175
       Chain mail        |       |       |       |    98 |   149 |       ||   247
       Plate armour      |       |       |       |       |   196 |    44 ||   240
Dodge: Dodged            |   111 |   193 |   123 |   188 |   282 |    28 ||   925
Block: Buckler           |       |       |       |       |     6 |    15 ||    21

Levels and vault maps discovered:
D:1:      erik_arrival_cave_to_civilisation [erik_arrival_cave_to_temple],
          layout_basic, serial_forest, infiniplex_forest_clump_small,
          infiniplex_forest_clump_long, infiniplex_forest_clump_large,
          infiniplex_forest_corner_2, infiniplex_forest_lined_3_way, st_stairs_4
D:2:      layout_basic, lemuel_crystal_altar, overflow_temple_1_default,
          lemuel_doored_altar, uniq_crazy_yiuf_cottage, uniq_robin
D:3:      layout_loops_cross, tso_metal_star, serial_undead, serial_undead_a,
          serial_undead_e, serial_undead_b, serial_undead_a,
          gammafunk_ghost_split
D:4:      layout_basic, nicolae_ru_sacrificial_ziggurat, first_ration,
          makhleb_altar_promises_db
D:5:      layout_loops_cross, lemuel_round_altar, serial_bayou_lagoon_a,
          grunt_ministairs_2, uniq_duvessa
D:6:      layout_basic, minmay_temple_entry_trees, uniq_menkaure, uniq_eustachio
D:7:      layout_basic, marbit_many_paths, lemuel_crystal_altar,
          grunt_ogre_cave, uniq_pikel
D:8:      layout_layer_cave, minmay_unpleasant_kobolds
D:9:      layout_big_octagon, kennysheep_mini_moat, nicolae_wwwww,
          minmay_diced_spiral
D:10:     layout_loops_ring, lair_entry_dummy, minmay_orc_entry_guard_dogs,
          hangedman_decor_slide_cut
D:11:     layout_basic, serial_shops, shop, serial_bayou_crossing
D:12:     layout_long_grid, minmay_holes, nicolae_barding_shop, uniq_maurice,
          uniq_fannar
D:13:     layout_roguey, gauntlet_entry_generic
Temple:   cyrus_circular_temple
Lair:1:   layout_concentric_octagons, uniq_joseph
Lair:2:   regret_index_combs_of_tragedy, layout_chaotic_city
Lair:3:   layout_hall_layers, minmay_shoals_entry_centaurs, dummy_snake_entry,
          portal_ice_cave_entry_imps, minmay_stone_trees_medium,
          grunt_megastairs_1, serial_bayou_shore_a
Lair:4:   layout_roguey, mumra_transporter_accident
Lair:5:   layout_layer_cave
Lair:6:   gammafunk_lair_ancient_temple, layout_cave_shapes, slime_altar_1,
          enter_volcano_1, basic_altar
Orc:1:    layout_caves, serial_shops, nicolae_shop_behind_doors, uniq_jorgrun
Orc:2:    pf_orc_diabolical, layout_diamond_mine, basic_altar, uniq_sonja
Gauntlet: minmay_gauntlet_77_indecision
          [minmay_gauntlet_arena_77_terracotta_army,
          minmay_gauntlet_arena_77_chump_sandwich,
          minmay_gauntlet_arena_77_two_lines, minmay_gauntlet_arena_77_p_blocks,
          minmay_gauntlet_arena_77_fan, minmay_gauntlet_arena_77_double_cross,
          gauntlet_exit_green]
